TOP OF THE 1ST |
Rochester Red Wings batting - Pitching for Charlotte Knights : RHP Brett Kitchen
|
Pitching: RHP Brett Kitchen
|
|
Batting: LHB Jon Ventura
|
0-0: Called Strike 0-1: Foul Ball, location: 2F 0-2: Ball 1-2: Ball 2-2: DOUBLE (Flyball, 8LXD, EV 114.4 MPH)
|
Batting: SHB Ian Thompson
|
0-0: Ball 1-0: SINGLE (Line Drive, 8LS, EV 107.5 MPH) Jon Ventura to third
|
Batting: RHB Leo Gonzalez
|
0-0: Foul Ball, location: 2F 0-1: Ball 1-1: Foul Ball, location: 2F 1-2: Ball 2-2: Grounds into double play, 5-4-3 (Groundball, 5, EV 106.2 MPH) Jon Ventura scores
|
Batting: RHB Colin Boddy
|
0-0: Ball 1-0: Fly out, F4 (Popup, 4MD, EV 52.5 MPH)
|
Top of the 1st over - 1 run, 2 hits, 0 errors, 0 left on base; Rochester 1 - Charlotte 0 |
BOTTOM OF THE 1ST |
Charlotte Knights batting - Pitching for Rochester Red Wings : RHP Ruben Requena
|
Pitching: RHP Ruben Requena
|
|
Batting: RHB Jeremy Hoffert
|
0-0: Foul Ball, location: 2F 0-1: Ball 1-1: Ball 2-1: SINGLE (Line Drive, 4MD, EV 103.1 MPH)
|
Batting: RHB Chris Cooper
|
0-0: SINGLE (Groundball, 6, EV 98.1 MPH) Jeremy Hoffert to second
|
Batting: LHB Justin Stickney
|
0-0: Ball Jeremy Hoffert is caught stealing 3rd base 2-5 Chris Cooper to second 1-0: Ball 2-0: Swinging Strike 2-1: Called Strike 2-2: Ball 3-2: Base on Balls
|
Batting: LHB Ricardo Pagan
|
0-0: Ball 1-0: Called Strike 1-1: Foul Ball, location: 2F 1-2: Ball 2-2: Foul Ball, location: 2F 2-2: SINGLE (Groundball, 6D, EV 97.5 MPH) Chris Cooper to third Justin Stickney to second
|
Batting: RHB Mark Jones
|
0-0: Called Strike 0-1: Swinging Strike 0-2: Ball 1-2: Foul Ball, location: 2F 1-2: SINGLE (Line Drive, 8RS, EV 99.4 MPH) Chris Cooper scores Justin Stickney to third Ricardo Pagan to second Runner from 3rd tries for Home, throw by CF and OUT! 8-2
|
Batting: RHB Micah Brown
|
0-0: Ball 1-0: Ground out 4-3 (Groundball, 34, EV 102.5 MPH)
|
Bottom of the 1st over - 1 run, 4 hits, 0 errors, 2 left on base; Rochester 1 - Charlotte 1 |
TOP OF THE 2ND |
Rochester Red Wings batting - Pitching for Charlotte Knights : RHP Brett Kitchen
|
Batting: LHB Chaim Huting
|
0-0: Called Strike 0-1: Called Strike 0-2: SINGLE (Groundball, 34D, EV 95.6 MPH)
|
Batting: SHB Manny Molina
|
0-0: Called Strike 0-1: Ball Pickoff Throw to First - Out! 1-3 1-1: Ball 2-1: SINGLE (Groundball, 6S, EV 73.1 MPH) (infield hit)
|
Batting: RHB José Molina
|
0-0: Called Strike 0-1: Ball 1-1: SINGLE (Groundball, 6D, EV 95.0 MPH) Manny Molina to second Runner from 2nd tries for 3rd, OUT! 7-5
|
Batting: RHB Jason Gee
|
0-0: Called Strike José Molina steals 2nd base (no throw) 0-1: Ball 1-1: Ground out 1-3 (Groundball, 15S, EV 70.0 MPH)
|
Top of the 2nd over - 0 runs, 3 hits, 0 errors, 1 left on base; Rochester 1 - Charlotte 1 |
BOTTOM OF THE 2ND |
Charlotte Knights batting - Pitching for Rochester Red Wings : RHP Ruben Requena
|
Batting: LHB John Thurman
|
0-0: Called Strike 0-1: Ball 1-1: Foul Ball, location: 2F 1-2: Ground out 6-3 (Groundball, 6, EV 86.9 MPH)
|
Batting: SHB Josh Conner
|
0-0: Swinging Strike 0-1: Ball 1-1: Ball 2-1: Called Strike 2-2: Fly out, F8 (Flyball, 78XD, EV 90.6 MPH)
|
Batting: RHB Steve Waltenbery
|
0-0: Called Strike 0-1: Swinging Strike 0-2: Ball 1-2: Ground out 6-3 (Groundball, 6, EV 78.8 MPH)
|
Bottom of the 2nd over - 0 runs, 0 hits, 0 errors, 0 left on base; Rochester 1 - Charlotte 1 |
TOP OF THE 3RD |
Rochester Red Wings batting - Pitching for Charlotte Knights : RHP Brett Kitchen
|
Batting: RHB Ryan Gautney
|
0-0: Ball 1-0: Ground out U3 (Groundball, 3, EV 78.8 MPH)
|
Batting: LHB Jon Ventura
|
0-0: SINGLE (Line Drive, 9S, EV 99.4 MPH)
|
Batting: SHB Ian Thompson
|
0-0: Called Strike 0-1: Ball Jon Ventura is caught stealing 2nd base 2-6 1-1: Called Strike 1-2: Ground out 4-3 (Groundball, 4, EV 103.1 MPH)
|
Top of the 3rd over - 0 runs, 1 hit, 0 errors, 0 left on base; Rochester 1 - Charlotte 1 |
BOTTOM OF THE 3RD |
Charlotte Knights batting - Pitching for Rochester Red Wings : RHP Ruben Requena
|
Batting: RHB Jeremy Hoffert
|
0-0: Bunt for hit to 15S - play at first, batter safe!
|
Batting: RHB Chris Cooper
|
0-0: Ball 1-0: Foul Ball, location: 2F 1-1: Ball Jeremy Hoffert is caught stealing 2nd base 2-4 2-1: Foul Ball, location: 2F 2-2: Strikes out swinging
|
Batting: LHB Justin Stickney
|
0-0: SINGLE (Groundball, 34D, EV 96.9 MPH)
|
Batting: LHB Ricardo Pagan
|
0-0: Called Strike 0-1: Ball 1-1: Ball 2-1: Ball 3-1: Foul Ball, location: 2F 3-2: Foul Ball, location: 2F 3-2: Base on Balls Justin Stickney to second
|
Batting: RHB Mark Jones
|
0-0: Fly out, F9 (Flyball, 89M, EV 73.1 MPH)
|
Bottom of the 3rd over - 0 runs, 2 hits, 0 errors, 2 left on base; Rochester 1 - Charlotte 1 |
TOP OF THE 4TH |
Rochester Red Wings batting - Pitching for Charlotte Knights : RHP Brett Kitchen
|
Batting: RHB Leo Gonzalez
|
0-0: Swinging Strike 0-1: Foul Ball, location: 2F 0-2: Ground out 4-3 (Groundball, 4S, EV 86.9 MPH)
|
Batting: RHB Colin Boddy
|
0-0: Ball 1-0: Swinging Strike 1-1: Called Strike 1-2: Ground out 4-3 (Groundball, 4, EV 109.4 MPH)
|
Batting: LHB Chaim Huting
|
0-0: Swinging Strike 0-1: Ball 1-1: Swinging Strike 1-2: Strikes out looking
|
Top of the 4th over - 0 runs, 0 hits, 0 errors, 0 left on base; Rochester 1 - Charlotte 1 |
BOTTOM OF THE 4TH |
Charlotte Knights batting - Pitching for Rochester Red Wings : RHP Ruben Requena
|
Batting: RHB Micah Brown
|
0-0: Called Strike 0-1: Ball 1-1: Called Strike 1-2: Ball 2-2: Ball 3-2: Strikes out swinging
|
Batting: LHB John Thurman
|
0-0: Called Strike 0-1: Swinging Strike 0-2: Ball 1-2: Ball 2-2: Ball 3-2: Strikes out looking
|
Batting: SHB Josh Conner
|
0-0: Ball 1-0: Foul Ball, location: 2F 1-1: Ball 2-1: Foul Ball, location: 2F 2-2: Ball 3-2: Fly out, F8 (Flyball, 8RD, EV 108.8 MPH)
|
Bottom of the 4th over - 0 runs, 0 hits, 0 errors, 0 left on base; Rochester 1 - Charlotte 1 |
TOP OF THE 5TH |
Rochester Red Wings batting - Pitching for Charlotte Knights : RHP Brett Kitchen
|
Batting: SHB Manny Molina
|
0-0: Swinging Strike 0-1: Called Strike 0-2: Ball 1-2: Ball 2-2: Foul Ball, location: 2F 2-2: Foul Ball, location: 2F 2-2: Ball 3-2: Ground out 4-3 (Groundball, 4, EV 85.0 MPH)
|
Batting: RHB José Molina
|
0-0: Foul Ball, location: 2F 0-1: Swinging Strike 0-2: Fly out, F8 (Flyball, 89M, EV 90.6 MPH)
|
Batting: RHB Jason Gee
|
0-0: Ball 1-0: Called Strike 1-1: Ball 2-1: Ground out 4-3 (Groundball, 4, EV 80.6 MPH)
|
Top of the 5th over - 0 runs, 0 hits, 0 errors, 0 left on base; Rochester 1 - Charlotte 1 |
BOTTOM OF THE 5TH |
Charlotte Knights batting - Pitching for Rochester Red Wings : RHP Ruben Requena
|
Batting: RHB Steve Waltenbery
|
0-0: Ball 1-0: Foul Ball, location: 2F 1-1: Ball 2-1: Fly out, F8 (Flyball, 8RD, EV 93.8 MPH)
|
Batting: RHB Jeremy Hoffert
|
0-0: Ball 1-0: Called Strike 1-1: Foul Ball, location: 2F 1-2: Foul Ball, location: 2F 1-2: Ball 2-2: Foul Ball, location: 2F 2-2: Fly out, F9 (Flyball, 9, EV 88.8 MPH)
|
Batting: RHB Chris Cooper
|
0-0: Called Strike 0-1: Ball 1-1: Ball 2-1: Foul Ball, location: 2F 2-2: Strikes out swinging
|
Bottom of the 5th over - 0 runs, 0 hits, 0 errors, 0 left on base; Rochester 1 - Charlotte 1 |
TOP OF THE 6TH |
Rochester Red Wings batting - Pitching for Charlotte Knights : RHP Brett Kitchen
|
Batting: RHB Ryan Gautney
|
0-0: Called Strike 0-1: Swinging Strike 0-2: Ball 1-2: Strikes out swinging
|
Batting: LHB Jon Ventura
|
0-0: Called Strike 0-1: Ball 1-1: Ball 2-1: Ground out 5-3 (Groundball, 56D, EV 107.5 MPH)
|
Batting: SHB Ian Thompson
|
0-0: Fly out, F2 (Popup, 25F, EV 83.8 MPH)
|
Top of the 6th over - 0 runs, 0 hits, 0 errors, 0 left on base; Rochester 1 - Charlotte 1 |
BOTTOM OF THE 6TH |
Charlotte Knights batting - Pitching for Rochester Red Wings : RHP Ruben Requena
|
Batting: LHB Justin Stickney
|
0-0: Ball 1-0: SINGLE (Line Drive, 6D, EV 96.2 MPH)
|
Batting: LHB Ricardo Pagan
|
0-0: Grounds into double play, 6-4-3 (Groundball, 6, EV 93.8 MPH)
|
Batting: RHB Mark Jones
|
0-0: DOUBLE (Line Drive, 9LM, EV 87.5 MPH)
|
Batting: RHB Micah Brown
|
0-0: Ground out 4-3 (Groundball, 4D, EV 100.0 MPH)
|
Bottom of the 6th over - 0 runs, 2 hits, 0 errors, 1 left on base; Rochester 1 - Charlotte 1 |
TOP OF THE 7TH |
Rochester Red Wings batting - Pitching for Charlotte Knights : RHP Brett Kitchen
|
Batting: RHB Leo Gonzalez
|
0-0: Called Strike 0-1: Called Strike 0-2: Ball 1-2: SINGLE (Line Drive, 78S, EV 94.4 MPH)
|
Batting: RHB Colin Boddy
|
0-0: Called Strike 0-1: Called Strike Leo Gonzalez is caught stealing 2nd base 2-4 0-2: SINGLE (Groundball, 6MD, EV 107.5 MPH)
|
Batting: LHB Chaim Huting
|
0-0: Ball 1-0: Grounds into double play, 6-4-3 (Groundball, 6M, EV 78.1 MPH)
|
Top of the 7th over - 0 runs, 2 hits, 0 errors, 0 left on base; Rochester 1 - Charlotte 1 |
BOTTOM OF THE 7TH |
Charlotte Knights batting - Pitching for Rochester Red Wings : RHP Ruben Requena
|
Batting: LHB John Thurman
|
0-0: Swinging Strike 0-1: SINGLE (Flyball, 89S, EV 99.4 MPH)
|
Batting: SHB Josh Conner
|
0-0: Called Strike 0-1: Ball 1-1: Fielders Choice at 2nd, 3-6 (Groundball, 3S, EV 86.9 MPH)
|
Pinch Runner at 1st Dunlang Clark:
|
|
Batting: RHB Steve Waltenbery
|
0-0: Swinging Strike 0-1: Called Strike 0-2: Ball 1-2: Ball 2-2: Strikes out looking
|
Pitching: RHP Matthew Lange
|
|
Batting: RHB Jeremy Hoffert
|
0-0: Ball 1-0: Ball 2-0: Fly out, F9 (Flyball, 9D, EV 90.6 MPH)
|
Bottom of the 7th over - 0 runs, 1 hit, 0 errors, 1 left on base; Rochester 1 - Charlotte 1 |
TOP OF THE 8TH |
Rochester Red Wings batting - Pitching for Charlotte Knights : RHP Brett Kitchen
|
Now at C: Dunlang Clark
|
|
Now at 3B: Ricardo Pagan
|
|
Batting: SHB Manny Molina
|
0-0: Ball 1-0: Ball 2-0: Ball 3-0: Base on Balls
|
Batting: RHB José Molina
|
0-0: Foul Ball, location: 2F 0-1: Ball 1-1: Ball 2-1: Foul Ball, location: 2F 2-2: Ball 3-2: Fly out, F8 (Flyball, 8RD, EV 100.0 MPH)
|
Batting: RHB Jason Gee
|
0-0: Called Strike 0-1: Ball 1-1: Foul Ball, location: 2F 1-2: Ball 2-2: Strikes out swinging
|
Pitching: RHP Chris Worster
|
|
Batting: RHB Ryan Gautney
|
0-0: Ball 1-0: Ball Manny Molina steals 2nd base 2-0: Ball 3-0: Called Strike 3-1: Called Strike 3-2: Foul Ball, location: 2F 3-2: Strikes out swinging
|
Top of the 8th over - 0 runs, 0 hits, 0 errors, 1 left on base; Rochester 1 - Charlotte 1 |
BOTTOM OF THE 8TH |
Charlotte Knights batting - Pitching for Rochester Red Wings : RHP Matthew Lange
|
Batting: RHB Chris Cooper
|
0-0: Called Strike 0-1: Ball 1-1: Ball 2-1: Ground out 4-3 (Groundball, 4, EV 79.4 MPH)
|
Batting: LHB Justin Stickney
|
0-0: Called Strike 0-1: Ball 1-1: Called Strike 1-2: Strikes out looking
|
Batting: LHB Ricardo Pagan
|
0-0: Hit by Pitch
|
Batting: RHB Mark Jones
|
0-0: Ball Ricardo Pagan steals 2nd base 1-0: Swinging Strike 1-1: Foul Ball, location: 2F 1-2: Foul Ball, location: 2F 1-2: Ball 2-2: Fly out, F8 (Flyball, 8LS, EV 94.4 MPH)
|
Bottom of the 8th over - 0 runs, 0 hits, 0 errors, 1 left on base; Rochester 1 - Charlotte 1 |
TOP OF THE 9TH |
Rochester Red Wings batting - Pitching for Charlotte Knights : RHP Chris Worster
|
Batting: LHB Jon Ventura
|
0-0: Ground out 5-3 (Groundball, 56, EV 85.6 MPH)
|
Batting: SHB Ian Thompson
|
0-0: Foul Ball, location: 2F 0-1: Ball 1-1: Foul Ball, location: 2F 1-2: Foul Ball, location: 2F 1-2: Foul Ball, location: 2F 1-2: Strikes out swinging
|
Batting: RHB Leo Gonzalez
|
0-0: Ball 1-0: Ball 2-0: Ball 3-0: Called Strike 3-1: Called Strike 3-2: Foul Ball, location: 2F 3-2: Foul Ball, location: 2F 3-2: Ground out 5-3 (Groundball, 56S, EV 91.9 MPH)
|
Top of the 9th over - 0 runs, 0 hits, 0 errors, 0 left on base; Rochester 1 - Charlotte 1 |
BOTTOM OF THE 9TH |
Charlotte Knights batting - Pitching for Rochester Red Wings : RHP Matthew Lange
|
Pitching: RHP Matt Springer
|
|
Batting: RHB Micah Brown
|
0-0: Ball 1-0: Called Strike 1-1: Ball 2-1: Foul Ball, location: 2F 2-2: Strikes out swinging
|
Batting: LHB John Thurman
|
0-0: Ball 1-0: Ball 2-0: Fly out, F4 (Popup, 4, EV 56.9 MPH)
|
Pinch Hitting: LHB Adam Tarbutton
|
0-0: Ground out 6-3 (Groundball, 6M, EV 96.2 MPH)
|
Bottom of the 9th over - 0 runs, 0 hits, 0 errors, 0 left on base; Rochester 1 - Charlotte 1 |
TOP OF THE 10TH |
Rochester Red Wings batting - Pitching for Charlotte Knights : RHP Chris Worster
|
Pitching: RHP Tommy Benedict
|
|
Now at C: Noel Wilson
|
|
Batting: RHB Colin Boddy
|
0-0: Ground out 6-3 (Groundball, 6, EV 84.4 MPH)
|
Batting: LHB Chaim Huting
|
0-0: Swinging Strike 0-1: Ball 1-1: Swinging Strike 1-2: Strikes out swinging
|
Batting: SHB Manny Molina
|
0-0: Swinging Strike 0-1: Ball 1-1: Called Strike 1-2: Ground out 3-1 (Groundball, 34S, EV 76.9 MPH)
|
Top of the 10th over - 0 runs, 0 hits, 0 errors, 0 left on base; Rochester 1 - Charlotte 1 |
BOTTOM OF THE 10TH |
Charlotte Knights batting - Pitching for Rochester Red Wings : RHP Matt Springer
|
Pinch Hitting: SHB Ethan Villalobos
|
0-0: Ball 1-0: Ball 2-0: Ball 3-0: Called Strike 3-1: Base on Balls
|
Batting: RHB Jeremy Hoffert
|
0-0: Ball 1-0: Sac Bunt to P - play at first, batter OUT! 1-4 Ethan Villalobos to second
|
Batting: RHB Chris Cooper
|
0-0: Foul Ball, location: 2F 0-1: Called Strike 0-2: Strikes out looking
|
Batting: LHB Justin Stickney
|
0-0: Called Strike 0-1: Foul Ball, location: 2F 0-2: Ball 1-2: SINGLE (Groundball, 34D, EV 95.0 MPH) Ethan Villalobos to third Runner from 3rd tries for Home, SAFE, throw by RF to home
|
Bottom of the 10th over - 1 run, 1 hit, 0 errors, 1 left on base; Rochester 1 - Charlotte 2 |
|